AoeStats
← xxCamper_2

Socotra

504186426Analyzed
4v4 RM · 27d ago on Sep 4, 2026· 11m 53s· 8 players
Game mode
Random Map
Map size
148×148
Population
200
Speed
Normal
Resources
Standard
Victory
Conquest
Starting age
Dark Age
Ending age
Imperial Age
RankedLock teamsTeams togetherTeam positionsShared explorationLock speedFull tech treeHidden civsTurbo modeCheats
Victory
Defeat
🇺🇸 Ethiopians · United States
1375
+15
🇯🇵 Franks · Japan
1371
+15
🇹🇼 Mongols · Taiwan
1361
+16
🇭🇰 Vietnamese · Hong Kong SAR China
1312
+19
🇩🇪 Bengalis · Germany
1398
-18
🇩🇪 Ethiopians · Germany
1353
-16
🇸🇰 Persians · Slovakia
1352
-16
🇩🇪 Maya · Germany
1324
-15
xxCamper_2
3:01 Loom
Marneus
0:26 Loom
10:35 Feudal Age
Fanume
8:38 Feudal Age
9:09 Loom
9:34 Double-Bit Axe
Imperius
9:24 Loom
11:41 Feudal Age
Auto Horse
6:29 Loom
9:06 Feudal Age
9:47 Double-Bit Axe
kokowatousaneize
6:36 Loom
8:55 Feudal Age
9:45 Double-Bit Axe
Jso
4:27 Loom
飛衫走奶
6:31 Loom
8:36 Feudal Age
10:03 Double-Bit Axe
9:59 Horse Collar
Connection lost

Rejoining the realm…

Still unreachable

The connection could not be restored.

Session expired

The server has moved on; the page needs a fresh start.